 Dungeon Crawl Stone Soup version 0.16.1-4-g8e1b745 (webtiles) character file.

130 Zapata the Cudgeler (level 5, 0/32 HPs)
             Began as a Kobold Berserker on Mar 27, 2015.
             Was a Believer of Trog.
             Slain by roverover's ghost (10 damage)
             ... on level 3 of the Dungeon.
             The game lasted 00:03:21 (2634 turns).

Zapata the Cudgeler (Kobold Berserker)              Turns: 2634, Time: 00:03:21

Health: 0/32       AC:  2    Str: 15    XL:     5   Next: 36%
Magic:  5/5        EV: 15    Int:  5    God:    Trog [**....]
Gold:   73         SH:  0    Dex: 17    Spells: 0 memorised, 4 levels left

rFire  . . .     SeeInvis .     a - +0 mace
rCold  . . .     Clarity  .     b - +0 animal skin
rNeg   . . .     SustAb   .     (no shield)
rPois  .         Gourm    .     (no helmet)
rElec  .         Spirit   .     (no cloak)
rCorr  .         Warding  .     (no gloves)
rMut   .         Stasis   .     (no boots)
MR     .....                    (no amulet)
Stlth  ++........               (no ring)
                                (no ring)

@: exhausted, slowed, very slow, not resistant to hostile enchantments,
unstealthy
A: carnivore 3
a: Burn Spellbooks, Berserk, Trog's Hand, Renounce Religion


You were on level 3 of the Dungeon.
You worshipped Trog.
Trog was pleased with you.
You were very full.

You visited 1 branch of the dungeon, and saw 3 of its levels.

You collected 73 gold pieces.

Inventory:

Hand weapons
 a - a +0 mace (weapon)
Missiles
 e - 113 stones (quivered)
Armour
 b - a +0 animal skin (worn)
Magical devices
 l - a wand of slowing (29)
Scrolls
 d - a scroll of blinking {unknown}
 h - a scroll of enchant armour {unknown}
 i - 3 scrolls of immolation
 k - 2 scrolls of remove curse
 n - 2 scrolls of fog
 o - a scroll of teleportation {unknown}
Potions
 f - a potion of curing
 g - 2 potions of agility
 m - 2 potions of resistance
Comestibles
 c - a meat ration


   Skills:
 - Level 3.2 Fighting
 + Level 5.6 Maces & Flails
 - Level 1.5 Armour
 - Level 2.4 Dodging


You had 4 spell levels left.
You didn't know any spells.

Dungeon Overview and Level Annotations

Branches:
Dungeon (3/15)

Altars:
Ru
Vehumet

Annotations:
D:3 roverover's ghost, average NaIE


Innate Abilities, Weirdness & Mutations

You are small and have problems with some larger weapons.
You are carnivorous and can eat meat at any time.


Message History

You hit roverover's ghost!
Roverover's ghost is heavily damaged.
You barely miss roverover's ghost.
Roverover's ghost is heavily damaged.
Roverover's ghost hits you!
Huge Dmg: -21%(-10hp) hp: 38%(18hp)
You barely miss roverover's ghost.
Roverover's ghost is heavily damaged.
Roverover's ghost hits you but does no damage.
You barely miss roverover's ghost.
Roverover's ghost is heavily damaged.
You are no longer berserk.
You are exhausted.
You feel yourself slow down. Roverover's ghost hits you!
* * * LOW HITPOINT WARNING * * *
You are lethally poisoned!
Huge Dmg: -53%(-17hp) hp: 7%(2hp) Drink which item? (? for menu, Esc to quit)
You feel better. Roverover's ghost hits you!
You die...

#..# # #..# #.## #..#
##...######..#####
#....)<......)...# #
#.#..#######.###.##.####
#.. #.$..)........ #..
#.###)##.###. ... #.#
#@# ##.. #.# #W# #.. .#.
#.# #.. # # #.# # #.#
#.# ... ###


You could see roverover's ghost.

Vanquished Creatures
  An orc priest (D:3)
  3 adders
  4 worms (D:2)
  2 giant geckos (D:2)
  3 orcs (D:3)
  A giant cockroach (D:2)
  3 goblins
  7 hobgoblins
  7 kobolds
  A ball python (D:1)
  7 bats
  A giant cockroach zombie (D:1)
  A giant gecko zombie (D:1)
  5 giant newts
  A quokka (D:2)
  7 rats
54 creatures vanquished.

Notes
Turn   | Place    | Note
--------------------------------------------------------------
     0 | D:1      | Zapata, the Kobold Berserker, began the quest for the Orb.
     0 | D:1      | Reached XP level 1. HP: 14/14 MP: 1/1
   229 | D:1      | Reached XP level 2. HP: 19/19 MP: 2/2
   854 | D:2      | Reached skill level 4 in Maces & Flails
   854 | D:2      | Reached XP level 3. HP: 1/23 MP: 3/3
  1369 | D:2      | Acquired Trog's second power
  1515 | D:2      | Reached XP level 4. HP: 23/28 MP: 4/4
  2077 | D:2      | Reached skill level 5 in Maces & Flails
  2188 | D:2      | Found a radiant altar of Vehumet.
  2325 | D:2      | Found a sacrificial altar of Ru.
  2615 | D:3      | Noticed roverover's ghost (average NaIE)
  2617 | D:3      | Reached XP level 5. HP: 32/32 MP: 5/5
  2634 | D:3      | Slain by roverover's ghost

Action                   |  1- 3 |  4- 6 || total
-------------------------+-------+-------++-------
Melee: Mace              |    89 |    64 ||   153
Invok: Berserk           |     4 |     3 ||     7
  Use: Scroll            |     1 |     5 ||     6
       Potion            |       |     1 ||     1
 Stab: Distracted        |     1 |     1 ||     2
       Sleeping          |       |     2 ||     2
  Eat: Chunk             |     3 |     4 ||     7
       Pizza             |     1 |     1 ||     2
       Beef jerky        |     1 |       ||     1
       Meat ration       |       |     1 ||     1
